 Dungeon Crawl Stone Soup version 0.22-a0-78-g0f8607c (webtiles) character file.

493158 oplop the Eclecticist (level 24, 0/169 HPs)
             Began as an Octopode Ice Elementalist on Jan 15, 2018.
             Was the Champion of Cheibriados.
             Killed from afar by a deep troll earth mage (34 damage)
             ... with a blast of metal fragments
             ... on level 3 of the Depths.
             The game lasted 03:10:37 (45617 turns).

oplop the Eclecticist (Octopode Ice Elementalist)  Turns: 45617, Time: 03:10:38

Health: 0/169      AC: 10    Str: 33    XL:     24   Next: 77%
Magic:  12/45      EV: 31    Int: 39    God:    Cheibriados [******]
Gold:   3572       SH: 18    Dex: 30    Spells: 8/60 levels left

rFire    + + .     SeeInvis .     - Unarmed
rCold    + . .     Gourm    .   h - +3 buckler "Nanam" {Str+3}
rNeg     . . .     Faith    .   (helmet restricted)
rPois    .         Spirit   .   d - brooch of Shielding {Reflect SH+8}
rElec    .         Reflect  +   t - +6 ring of strength
rCorr    +         Harm     .   n - +6 ring of protection
MR       +++..                  m - ring of wizardry
Stlth    +++++++...             G - ring of protection from cold
HPRegen  0.38/turn              r - ring of protection from fire
MPRegen  0.29/turn              A - ring of protection from magic
                                T - ring of resist corrosion
                                c - +3 ring of protection

@: very slow
A: almost no armour, stealthy swim, amphibious, 8 rings, constrict 8, camouflage
1, fire resistance 1, magic resistance 1, gelatinous body 1
}: 3/15 runes: barnacled, silver, gossamer
a: Bend Time, Temporal Distortion, Slouch, Step From Time, Renounce Religion


You were on level 3 of the Depths.
You worshipped Cheibriados.
Cheibriados was exalted by your worship.
You were not hungry.

You visited 9 branches of the dungeon, and saw 43 of its levels.

You collected 5981 gold pieces.
You spent 2409 gold pieces at shops.

Inventory:

Armour
 h - the +3 buckler "Nanam" (worn) {Str+3}
   (You acquired it on level 6 of the Lair of Beasts)

   It affects your strength (+3).
Magical Staves
 p - an uncursed staff of energy
 I - an uncursed staff of conjuration
Jewellery
 c - a +3 ring of protection (on tentacle)
 d - the brooch of Shielding (around mantle) {Reflect SH+8}
   (You bought it in a shop on level 2 of the Orcish Mines)

   [amulet of reflection]

   It shields you and reflects attacks.
   It affects your SH (+8).
 m - a ring of wizardry (on tentacle)
 n - a +6 ring of protection (right tentacle)
 o - an uncursed ring of wizardry
 r - a ring of protection from fire (on tentacle)
 t - a +6 ring of strength (left tentacle)
 A - a ring of protection from magic (on tentacle)
 G - a ring of protection from cold (on tentacle)
 H - an uncursed ring of see invisible
 T - a ring of resist corrosion (on tentacle)
 W - an uncursed ring of protection from magic
Wands
 B - a wand of iceblast (38)
 J - a wand of disintegration (24)
 M - a wand of digging (33)
Scrolls
 e - 3 scrolls of blinking
 g - 8 scrolls of amnesia
 i - 6 scrolls of vulnerability
 k - 13 scrolls of teleportation
 w - 2 scrolls of torment
 y - 10 scrolls of magic mapping
 D - 23 scrolls of remove curse
 E - 3 scrolls of silence
 F - 4 scrolls of fog
 O - a scroll of immolation
 Q - 5 scrolls of fear
 R - 9 scrolls of identify
 Z - 5 scrolls of enchant armour
Potions
 f - 5 potions of lignification
 j - a potion of flight
 l - 4 potions of brilliance
 q - 3 potions of invisibility
 x - 3 potions of magic
 C - 6 potions of cancellation
 L - 3 potions of agility
 N - 6 potions of heal wounds
 P - 11 potions of curing
 U - 5 potions of might
 X - 8 potions of ambrosia
Books
 a - a Necronomicon

   Spells                             Type                      Level
   a - Haunt                          Necromancy/Summoning         7
   b - Borgnjor's Revivification      Necromancy                   8
   c - Death's Door                   Charms/Necromancy            8
   d - Infestation                    Necromancy                   8
   e - Necromutation                  Transmutation/Necromancy     8
 b - a book of Minor Magic

   Spells                             Type                      Level
   a - Magic Dart                     Conjuration                  1
   b - Blink                          Translocation                2
   c - Call Imp                       Summoning                    2
   d - Slow                           Hexes                        2
   e - Conjure Flame                  Conjuration/Fire             3
   f - Mephitic Cloud                 Conjuration/Poison/Air       3
 s - a book of Death

   Spells                             Type                      Level
   a - Corpse Rot                     Necromancy                   2
   b - Sublimation of Blood           Necromancy                   2
   c - Agony                          Necromancy                   5
   d - Dispel Undead                  Necromancy                   5
   e - Excruciating Wounds            Charms/Necromancy            5
   f - Bolt of Draining               Conjuration/Necromancy       5
 v - Upyesuu's Guide on Ensnaring Weightlessness
   (You found it on level 5 of the Vaults)

   Spells                             Type                      Level
   a - Ensorcelled Hibernation        Hexes/Ice                    2
   b - Mephitic Cloud                 Conjuration/Poison/Air       3
   c - Summon Mana Viper              Hexes/Summoning              5
   d - Yara's Violent Unravelling     Hexes/Transmutation          5
   e - Metabolic Englaciation         Hexes/Ice                    5
 z - a book of Ice

   Spells                             Type                      Level
   a - Ice Form                       Ice/Transmutation            4
   b - Metabolic Englaciation         Hexes/Ice                    5
   c - Ozocubu's Refrigeration        Ice                          6
   d - Bolt of Cold                   Conjuration/Ice              6
   e - Freezing Cloud                 Conjuration/Ice/Air          6
   f - Simulacrum                     Ice/Necromancy               6
 K - the Reference Book on Displacement and Moulding
   (You found it on level 5 of the Vaults)

   Spells                             Type                      Level
   a - Lesser Beckoning               Translocation                3
   b - Force Lance                    Conjuration/Translocation    4
   c - Yara's Violent Unravelling     Hexes/Transmutation          5
   d - Summon Forest                  Summoning/Translocation      5
 S - a book of Unlife

   Spells                             Type                      Level
   a - Recall                         Summoning/Translocation      3
   b - Animate Dead                   Necromancy                   4
   c - Borgnjor's Vile Clutch         Necromancy/Earth             5
   d - Death Channel                  Necromancy                   6
   e - Simulacrum                     Ice/Necromancy               6
 V - a book of Necromancy

   Spells                             Type                      Level
   a - Pain                           Necromancy                   1
   b - Animate Skeleton               Necromancy                   1
   c - Vampiric Draining              Necromancy                   3
   d - Regeneration                   Charms/Necromancy            3
   e - Animate Dead                   Necromancy                   4
   f - Borgnjor's Vile Clutch         Necromancy/Earth             5
Comestibles
 Y - 52 rations


   Skills:
 - Level 15.0 Fighting
 - Level 15.5 Dodging
 - Level 11.5 Stealth
 - Level 5.0 Shields
 - Level 12.9 Unarmed Combat
 + Level 18.8 Spellcasting
 - Level 8.3 Conjurations
 - Level 3.4 Summonings
 - Level 9.1 Transmutations
   Level 3.5 Fire Magic
 - Level 10.0 Ice Magic
 * Level 18.6 Air Magic
 - Level 3.0 Earth Magic
 - Level 13.6 Invocations


You had 8 spell levels left.
You knew the following spells:

 Your Spells              Type           Power        Failure   Level  Hunger
a - Freezing Cloud        Conj/Ice/Air   #######...   1%          6    None
b - Ozocubu's Refrigerat  Ice            #######...   1%          6    None
c - Summon Ice Beast      Ice/Summ       ######..     1%          4    None
d - Throw Icicle          Conj/Ice       #######.     1%          4    None
f - Statue Form           Tmut/Erth      ######...    4%          6    None
h - Apportation           Tloc           #####.       1%          1    None
i - Regeneration          Chrm/Necr      #####.....   1%          3    None
j - Tornado               Air            ########..   11%         9    #####..
k - Aura of Abjuration    Summ           ######....   1%          5    None
l - Deflect Missiles      Chrm/Air       #######...   1%          6    None
m - Blink                 Tloc           N/A          1%          2    None


Dungeon Overview and Level Annotations

Branches:
Dungeon (15/15)            Temple (0/1) D:5            Lair (6/6) D:9
 Shoals (4/4) Lair:3       Spider (4/4) Lair:3        Slime (1/5) Lair:5
    Orc (2/2) D:11            Elf (3/3) Orc:2        Vaults (5/5) D:14
  Crypt (0/3) Vaults:3     Depths (3/5) D:15

Altars:
Ashenzari
Cheibriados
Dithmenos
Elyvilon
Fedhas
Gozag
Kikubaaqudgha
Nemelex Xobeh
Okawaru
Qazlal
Ru
Sif Muna
Trog
Uskayaw
Wu Jian
Xom
Yredelemnul
Zin
Beogh

Shops:
D:4 %*   D:8 (   D:9 =   Orc:1 }   Orc:2 [(=?   Vaults:1 ?   Vaults:4 *
Vaults:5 :   Depths:1 *%

Portals:
Hell: Depths:1 Depths:2
Pandemonium: Depths:1 Depths:3
Ziggurat: Depths:1
Trove: D:15 (give 12 potions of heal wounds)

Annotations:
D:3 Grinder
D:12 exclusion: door
Elf:2 3 runed doors


Innate Abilities, Weirdness & Mutations

You cannot wear most types of armour.
You are very stealthy in the water. (Stealth+)
You are amphibious.
You can wear up to eight rings at the same time.
You can use your tentacles to constrict eight enemies at once.
Your skin changes colour to match your surroundings (Stealth+).
Your rubbery body absorbs attacks. (AC +1, EV +1)
Your flesh is heat resistant. (rF+)
You are resistant to hostile enchantments. (MR+)


Message History

* * * LOW HITPOINT WARNING * * *
You block the storm dragon's attack. The storm dragon completely misses you.
The storm dragon barely misses you. The storm dragon completely misses you.
The spriggan defender is engulfed in freezing vapours.
The storm dragon is engulfed in freezing vapours.
The storm dragon breathes lightning at you.
The bolt of lightning hits the storm dragon.
The storm dragon completely resists.
The bolt of lightning misses you.
The frost giant is engulfed in freezing vapours.
You step out of the flow of time.
You return to the normal time flow.
You feel somewhat more hungry.
A deep troll, a deep troll earth mage and 2 deep troll shamans come into view.
The deep troll shouts!
The deep troll earth mage shouts!
You hear a shout!
You hear a deafening roar!
The deep troll shaman calls upon its god to strengthen the deep troll shaman.
The deep troll shaman shouts!
The deep troll shaman seems to grow stronger.
The deep troll earth mage casts a spell past you.
The metal wall shatters!
The blast of metal fragments hits you!
You die...

.##.......#########')#.......#
###.....### .§.......###.....#
# ##..++# .§.≈§....#.###..++
#### .§≈.8≈..''...###+
.§......#.....##
##########..[##.##
###.TT##...#''.†.#.##
#....T)[.....##..#..#
#...T.'@)8...###....##
''....##.[..## ##....# ''##'
###### #..)### # ###'..#
#.)..# #§...# #§≈..# #.§≈.#
#.§§.#


You could see a deep troll, a deep troll earth mage and 2 deep troll shamans.

Vanquished Creatures
  An ancient lich (Vaults:5)
  2 juggernauts (Depths:2)
  Boris (Vaults:5)
  Bai Suzhen (Vaults:3)
  Saint Roka (Vaults:5)
  A golden dragon (Depths:3)
  Arachne (Spider:2)
  Jorgrun (Vaults:3)
  A tentacled monstrosity (Vaults:5)
  Rupert (Orc:2)
  2 deep elf blademasters (Elf:3)
  A quicksilver dragon (Depths:2)
  Asterion (Depths:3)
  8 titans (Vaults:5)
  5 liches
  2 krakens
  8 sphinxes
  A sphinx (shapeshifter) (Vaults:5)
  Kirke (Shoals:3)
  A storm dragon (Vaults:5)
  Ilsuiw (Shoals:4)
  7 tengu reavers
  Donald (Orc:2)
  3 shadow dragons (Vaults:5)
  8 fire giants
  4 ghost moths
  5 deep elf sorcerers
  2 orc warlords
  5 emperor scorpions
  15 vault wardens
  2 iron dragons
  5 deep elf elementalists
  5 frost giants
  Louise (Spider:4)
  A ghoul (Vaults:5)
  11 ironheart preservers
  A war gargoyle (Vaults:3)
  A spriggan defender (Depths:3)
  22 stone giants
  3 entropy weavers
  19 very ugly things
  A vampire knight (Depths:3)
  9 deep elf demonologists
  9 deep elf annihilators
  11 spark wasps
  9 deep elf death magi
  3 merfolk javelineers (Shoals:4)
  11 ettins
  An ettin (shapeshifter) (Vaults:5)
  5 merfolk impalers
  4 deep elf high priests
  7 fire dragons
  5 rakshasas
  Josephine (D:12)
  7 hydras
  7 great orbs of eyes
  Erolcha (D:10)
  11 yaktaur captains
  4 ice dragons
  35 vault guards
  2 spriggan air magi (Depths:3)
  5 merfolk avatars
  A death knight (Vaults:5)
  26 two-headed ogres
  2 merfolk aquamancers (Shoals:4)
  10 centaur warriors
  An alligator snapping turtle (Shoals:2)
  A satyr (Shoals:4)
  6 dancing weapons
  4 deep troll shamans
  2 catoblepae (Lair:6)
  6 death yaks
  10 ogre magi
  2 deep troll earth magi
  5 tengu warriors
  2 vampire magi (Depths:1)
  An orc high priest (Orc:2)
  A hell knight (D:15)
  15 deep elf knights
  2 small abominations (Vaults:3)
  A salamander mystic (Depths:1)
  6 unseen horrors
  11 deep trolls
  4 skeletal warriors
  5 flayed ghosts
  2 glowing orange brains (Depths:2)
  11 sea snakes
  6 wizards
  11 deep elf archers
  2 tengu zombies (Vaults:4)
  2 lindwurms (Lair:6)
  A lindwurm (shapeshifter) (D:15)
  21 orc knights
  42 deep elf magi
  3 phantasmal warriors (Vaults:5)
  2 necromancers
  15 ironbrand convokers
  16 harpies
  2 harpies (shapeshifter)
  17 orb spiders
  7 manticores
  28 ugly things
  A fire giant zombie (Vaults:4)
  10 cyclopes
  2 stone giant zombies (Vaults:1)
  26 wolf spiders
  2 fauns (shapeshifter)
  6 orc sorcerers
  8 fauns
  3 elephants (Lair:4)
  5 salamanders (Depths:1)
  Maurice (Orc:2)
  3 moths of wrath
  8 black mambas
  13 vault sentinels
  8 water nymphs
  9 merfolk sirens
  3 gargoyles
  4 centaur skeletons
  A spiny frog (shapeshifter) (Depths:2)
  4 spiny frogs
  A human zombie (Vaults:4)
  36 yaktaurs
  9 rime drakes
  4 freezing wraiths
  A rime drake (shapeshifter) (Elf:3)
  10 demonic crawlers
  4 komodo dragons
  An ice devil (Depths:1)
  2 komodo dragons (shapeshifter)
  2 tengu conjurers
  34 jumping spiders
  A troll (shapeshifter) (Vaults:2)
  3 polar bears
  A polar bear (shapeshifter) (Vaults:1)
  6 trolls
  11 slime creatures
  4 wind drakes
  A wolf spider simulacrum (D:15)
  A harpy skeleton (D:14)
  13 hornets
  28 merfolk
  9 snapping turtles
  An ettin zombie (Vaults:4)
  11 blink frogs
  A hippogriff (shapeshifter) (Vaults:5)
  10 dream sheep
  7 hippogriffs
  A centaur simulacrum (D:15)
  Sigmund (D:5)
  2 vampires
  2 air elementals (Elf:3)
  6 wraiths
  2 shadows
  4 hogs (Shoals:3)
  71 redbacks
  9 water elementals
  18 yaks
  19 tarantellas
  A basilisk (shapeshifter) (Vaults:5)
  A hog (shapeshifter) (Depths:1)
  5 wyverns
  A basilisk (D:15)
  3 fire elementals
  3 hungry ghosts
  7 steam dragons
  2 vampire mosquitoes (D:14)
  10 wargs
  4 acid dragons
  8 water moccasins
  56 orc warriors
  6 porcupines
  8 sky beasts
  4 ice beasts
  A meliai simulacrum (D:11)
  A black bear (Lair:6)
  2 necrophages
  22 ogres
  A phantom (D:9)
  An eye of draining (D:15)
  4 boggarts (Depths:1)
  3 wolves
  12 centaurs
  16 crocodiles
  Blork the orc (D:4)
  19 bullfrogs
  An earth elemental (Elf:1)
  A glowing shapeshifter simulacrum (Vaults:3)
  A wyvern skeleton (D:14)
  3 scorpions
  A water moccasin skeleton (D:9)
  An elf simulacrum (Vaults:1)
  3 electric eels
  5 howler monkeys
  6 crimson imps
  5 jellies
  A quasit (D:10)
  2 bullfrog zombies
  8 hounds
  23 orc priests
  3 human simulacra (Vaults:1)
  A bullfrog skeleton (D:6)
  2 iguanas
  Jessica (D:2)
  29 orc wizards
  8 worker ants
  2 hound skeletons
  A howler monkey zombie (D:8)
  A worker ant zombie (D:10)
  14 gnolls
  A howler monkey skeleton (D:4)
  11 adders
  6 shadow imps
  A white imp (D:11)
  A worker ant simulacrum (D:11)
  3 oozes
  An adder skeleton (D:7)
  2 worms
  A dart slug (D:1)
  12 leopard geckos
  115 orcs
  11 bats
  22 giant cockroaches
  11 goblins
  11 hobgoblins
  11 jackals
  4 quokkas
  5 frilled lizards
  6 kobolds
  7 rats
  A fire vortex (Depths:1)
  2 plants (Shoals:2)
  4 tentacles (Shoals:4)
1661 creatures vanquished.

Vanquished Creatures (collateral kills)
  A merfolk javelineer (Shoals:4)
  A merfolk impaler (Shoals:4)
  2 hydras
  2 catoblepae
  3 two-headed ogres
  A centaur warrior (D:14)
  A death yak (Lair:6)
  An orc high priest (Orc:2)
  Nergalle (D:10)
  A sea snake (Shoals:4)
  9 ugly things
  2 orc knights
  An orb spider (Spider:3)
  2 wolf spiders (Spider:3)
  A deep elf mage (D:12)
  5 elephants
  A black mamba (Lair:6)
  A centaur zombie (D:12)
  A water nymph (Shoals:2)
  A gargoyle (D:14)
  3 spiny frogs
  3 rime drakes
  2 komodo dragons
  5 trolls
  2 merfolk
  2 hippogriffs
  A vampire (D:13)
  2 wyverns
  42 yaks
  2 basilisks
  A hungry ghost (D:10)
  4 steam dragons (Lair:6)
  A soldier ant (D:13)
  2 wargs (Orc:2)
  3 porcupines
  A water moccasin (Lair:6)
  6 orc warriors
  An ice beast (D:7)
  A black bear (Lair:2)
  A necrophage (D:11)
  5 wolves
  2 ogres
  5 centaurs
  3 crocodiles
  11 bullfrogs
  2 gnoll sergeants
  2 scorpions
  6 killer bees (D:8)
  A crimson imp (D:14)
  2 hounds
  10 jellies
  5 orc priests
  8 orc wizards
  A water moccasin simulacrum (D:11)
  A bullfrog skeleton (D:10)
  A worker ant zombie (D:9)
  10 gnolls
  2 adders (D:11)
  26 orcs
  A fungus (Lair:6)
  A plant (Lair:1)
228 creatures vanquished.

Vanquished Creatures (others)
  Nikola (Vaults:3)
  2 deep elf master archers (Elf:3)
  An ironheart preserver (Vaults:1)
  3 yaktaur captains
  A deep elf high priest (Vaults:5)
  A deep elf knight (D:15)
  A shadow wraith (Vaults:3)
  A deep troll (Vaults:3)
  2 ironbrand convokers
  A necromancer (Vaults:1)
  2 fauns
  A deep elf mage (Elf:1)
  A shining eye (shapeshifter) (Vaults:3)
  A cyclops (Vaults:1)
  20 yaktaurs
  A troll (Vaults:5)
  A dream sheep (Shoals:3)
  A redback (Spider:2)
  4 centaurs
  An orc wizard (Vaults:1)
  4 orcs (Vaults:5)
  62 fungi
  51 plants
  13 tentacles
177 creatures vanquished.

Grand Total: 2066 creatures vanquished

Notes
Turn   | Place    | Note
-------+----------+-------------------------------------------
     0 | D:1      | oplop the Octopode Ice Elementalist began the quest for the Orb.
     0 | D:1      | Reached XP level 1. HP: 11/11 MP: 3/3
   222 | D:1      | Reached XP level 2. HP: 12/18 MP: 0/5
   468 | D:1      | Reached XP level 3. HP: 21/22 MP: 6/6
  1334 | D:2      | Reached skill level 1 in Fighting
  1339 | D:2      | Noticed Jessica
  1349 | D:2      | Killed Jessica
  1349 | D:2      | Reached XP level 4. HP: 13/28 MP: 6/8
  1705 | D:2      | Reached XP level 5. HP: 8/33 MP: 6/9
  1801 | D:2      | Found a snail-covered altar of Cheibriados.
  2227 | D:2      | Found a deep blue altar of Sif Muna.
  2457 | D:2      | Became a worshipper of Cheibriados the Contemplative
  2591 | D:3      | Reached XP level 6. HP: 30/39 MP: 9/11
  2780 | D:3      | Learned a level 3 spell: Ozocubu's Armour
  2884 | D:3      | Found a sacrificial altar of Ru.
  3001 | D:3      | Noticed Grinder
  3033 | D:4      | Noticed Blork the orc
  3106 | D:4      | Reached * piety under Cheibriados
  3178 | D:4      | Found Eruran's Assorted Antiques.
  3242 | D:4      | Found a bloodstained altar of Trog.
  3539 | D:4      | Killed Blork the orc
  3539 | D:4      | Reached XP level 7. HP: 45/45 MP: 8/13
  3649 | D:4      | Found Utanejuo's Food Boutique.
  3749 | D:4      | Reached skill level 5 in Ice Magic
  3866 | D:4      | Found a sacrificial altar of Ru.
  3866 | D:4      | Found an ornate altar of the Wu Jian Council.
  4030 | D:5      | Entered Level 5 of the Dungeon
  4102 | D:5      | Reached ** piety under Cheibriados
  4404 | D:5      | Noticed Sigmund
  4617 | D:5      | Learned a level 4 spell: Summon Ice Beast
  4669 | D:5      | Reached skill level 1 in Summonings
  4780 | D:5      | Reached XP level 8. HP: 17/52 MP: 12/15
  5005 | D:5      | Killed Sigmund
  5005 | D:5      | Reached skill level 5 in Spellcasting
  5057 | D:5      | Found a shattered altar of Ashenzari.
  5372 | D:5      | Found a staircase to the Ecumenical Temple.
  5383 | D:5      | Reached *** piety under Cheibriados
  6079 | D:6      | Found a stormy altar of Qazlal.
  6084 | D:6      | Identified the Grimoire of Displaced Talismans
  6144 | D:6      | Found a sparkling altar of Nemelex Xobeh.
  6144 | D:6      | Found an opulent altar of Gozag.
  6490 | D:6      | Reached XP level 9. HP: 55/58 MP: 17/17
  6712 | D:6      | Found a blossoming altar of Fedhas.
  6714 | D:6      | Found an ancient bone altar of Kikubaaqudgha.
  7376 | D:7      | Found a hide-covered altar of Uskayaw.
  7749 | D:7      | Reached **** piety under Cheibriados
  7749 | D:7      | Reached skill level 1 in Invocations
  8097 | D:7      | Found an iron altar of Okawaru.
  8300 | D:8      | Noticed a two-headed ogre
  8376 | D:8      | Found a white marble altar of Elyvilon.
  8428 | D:8      | Reached skill level 5 in Dodging
  8437 | D:8      | Found Wunoakie's Weapon Boutique.
  8515 | D:8      | Found a shadowy altar of Dithmenos.
  8584 | D:8      | Reached ***** piety under Cheibriados
  8674 | D:8      | Killed a two-headed ogre
  8876 | D:8      | Reached skill level 5 in Fighting
  8876 | D:8      | Reached XP level 10. HP: 63/66 MP: 8/20
  8935 | D:8      | Learned a level 4 spell: Throw Icicle
  9305 | D:9      | Found a staircase to the Lair.
  9570 | D:9      | Found Mixoisol's Jewellery Shoppe.
  9578 | D:9      | Bought an uncursed ring of protection from magic for 250 gold pieces
  9804 | D:9      | Reached skill level 5 in Invocations
 10446 | D:10     | Entered Level 10 of the Dungeon
 10446 | D:10     | Noticed Nergalle
 10446 | D:10     | Noticed a two-headed ogre
 10496 | D:10     | Noticed a two-headed ogre
 10507 | D:10     | Killed a two-headed ogre
 10617 | D:10     | Killed a two-headed ogre
 10617 | D:10     | Reached XP level 11. HP: 69/71 MP: 11/23
 10684 | D:10     | Noticed Erolcha
 10695 | D:10     | Killed Erolcha
 10725 | D:10     | Reached ****** piety under Cheibriados
 10953 | D:10     | Noticed a two-headed ogre
 10966 | D:10     | Killed a two-headed ogre
 11162 | D:10     | Killed an unseen horror
 11842 | D:11     | Noticed a two-headed ogre
 11847 | D:11     | Killed a two-headed ogre
 12055 | D:11     | Reached skill level 10 in Ice Magic
 12096 | D:11     | Found a staircase to the Orcish Mines.
 12396 | D:12     | Killed an unseen horror
 12494 | D:12     | Reached XP level 12. HP: 56/80 MP: 18/25
 12671 | D:12     | Noticed a centaur warrior
 12912 | D:12     | Noticed Josephine
 13159 | D:12     | Killed a centaur warrior
 13216 | D:12     | Noticed a tengu warrior
 13466 | Lair:1   | Entered Level 1 of the Lair of Beasts
 13534 | Lair:1   | Noticed a seven-headed hydra
 13695 | Lair:1   | Reached skill level 10 in Spellcasting
 14078 | Lair:1   | Killed a seven-headed hydra
 14078 | Lair:1   | Reached skill level 10 in Invocations
 14255 | Lair:1   | Learned a level 5 spell: Fireball
 15259 | Lair:2   | Gained mutation: Your flesh is heat resistant. (rF+) [potion of mutation]
 15259 | Lair:2   | Gained mutation: You are resistant to hostile enchantments. (MR+) [potion of mutation]
 15304 | Lair:3   | Noticed a death yak
 15304 | Lair:3   | Noticed a death yak
 15304 | Lair:3   | Noticed a death yak
 15307 | Lair:2   | oplop: ??death yak
 15307 | Lair:2   | beem: death yak[1/3]: One of the toughest enemies you can find in the Lair outside of a vault. Melee is not recommended unless you can fight one-on-one or are very tough yourself! (Or have reasonable stabbing and invisibility...even if they wake up, invis stab will take them down quickly)
 15536 | D:10     | Killed Nergalle
 15614 | D:13     | Noticed a catoblepas
 15641 | D:13     | Killed a catoblepas
 15892 | D:13     | Noticed a centaur warrior
 15904 | D:12     | Reached XP level 13. HP: 88/88 MP: 13/27
 15999 | D:13     | Reached skill level 5 in Conjurations
 17647 | Lair:3   | Found a staircase to the Shoals.
 17725 | Lair:3   | Found a hole to the Spider Nest.
 19398 | Lair:5   | Reached skill level 10 in Dodging
 19398 | Lair:5   | Reached skill level 1 in Fire Magic
 19525 | Lair:5   | Found a staircase to the Slime Pits.
 19708 | Lair:5   | Found the +5 robe of Night {Dark MR+ SInv}
 19783 | Lair:5   | Reached XP level 14. HP: 98/98 MP: 28/28
 19787 | Lair:5   | Reached skill level 10 in Fighting
 19826 | Lair:5   | Identified the Compendium of the Volcanoes and Earth
 20190 | Lair:6   | Entered Level 6 of the Lair of Beasts
 21720 | Lair:6   | oplop: ??lindwurm
 21720 | Lair:6   | beem: lindwurm[1/2]: Nasty little wurm that breathes fire for 3d18 damage. Avoid if you can (and don't have fire resistance).
 21720 | Lair:6   | oplop: ??lindwurm[2
 21720 | Lair:6   | beem: lindwurm[2/2]: Unlike dragons and fire drakes these do not resist fire
 21720 | Lair:6   | beem: Cerebov (&)
                  | Spd:
    10 | HD: 21   | HP: 562-769
                  | AC/EV: 30/8
                  | Dam: 60
                  | demonic, weapons, items, doors, fighter, evil, see invisible
                  | Res: magic(immune), fire+++, damnation, poison, drown, rot, neg+++, torm
                  | Vul: holy
                  | XP: 22654
                  | Sp: iron shot (3d36) [!sil], fire storm (8d16 / 8d17) [!sil], sum.greater demon [!sil], haste [!sil]
                  | Sz: Giant |
 22603 | Lair:6   | Identified the Collected Works on Ashen Execration
 22612 | Lair:6   | Learned a level 6 spell: Statue Form
 22620 | Lair:6   | Identified a scroll of acquirement
 22621 | Lair:6   | Got a slimy buckler
 22627 | Lair:6   | Identified the +3 buckler "Nanam" {Str+3} (You acquired it on level 6 of the Lair of Beasts)
 23010 | D:13     | Reached skill level 1 in Transmutations
 23010 | D:13     | Reached skill level 1 in Earth Magic
 24035 | D:15     | Entered Level 15 of the Dungeon
 24117 | Orc:1    | Entered Level 1 of the Orcish Mines
 24129 | Orc:1    | Learned a level 4 spell: Ice Form
 24152 | Orc:1    | Reached XP level 15. HP: 103/105 MP: 6/29
 24426 | Orc:1    | Reached skill level 1 in Shields
 24522 | Orc:1    | Found a roughly hewn altar of Beogh.
 24552 | Orc:1    | Learned a level 1 spell: Apportation
 24679 | Orc:1    | Found Simpuj's Gadget Shoppe.
 24768 | Orc:1    | Found a bloodstained altar of Trog.
 24803 | Orc:2    | Entered Level 2 of the Orcish Mines
 24819 | Orc:2    | Reached skill level 5 in Transmutations
 24987 | Orc:2    | Noticed Rupert
 24990 | Orc:2    | Found a roughly hewn altar of Beogh.
 25002 | Orc:2    | Found a roughly hewn altar of Beogh.
 25003 | Orc:2    | Found Lesaosil's Jewellery Boutique.
 25055 | Orc:2    | Found a roughly hewn altar of Beogh.
 25119 | Orc:2    | Found a roughly hewn altar of Beogh.
 25122 | Orc:2    | Found Serapp's Magic Scroll Emporium.
 25140 | Orc:2    | Bought a scroll of blinking for 112 gold pieces
 25140 | Orc:2    | Bought a scroll of teleportation for 45 gold pieces
 25140 | Orc:2    | Bought a scroll of teleportation for 45 gold pieces
 25235 | Orc:2    | Found a staircase to the Elven Halls.
 25244 | Orc:2    | Reached skill level 1 in Unarmed Combat
 25714 | Orc:2    | Noticed an orc warlord
 25743 | Orc:2    | Killed an orc warlord
 25899 | Orc:2    | Found Fitetug's Antique Weapon Boutique.
 25900 | Orc:2    | Found a roughly hewn altar of Beogh.
 25903 | Orc:2    | Found Seshufau's Antique Armour Shop.
 26077 | Orc:2    | Noticed Donald
 26101 | Orc:2    | Found a roughly hewn altar of Beogh.
 26228 | Orc:2    | Found a roughly hewn altar of Beogh.
 26288 | Orc:2    | Bought the brooch of Shielding {Reflect SH+8} for 1275 gold pieces
 26288 | Orc:2    | Found the brooch of Shielding {Reflect SH+8}
 26878 | D:15     | Reached skill level 5 in Shields
 26909 | D:15     | Found a staircase to the Depths.
 27156 | D:15     | Found a portal to a secret trove of treasure.
 27165 | D:15     | oplop: ??chaos brand
 27165 | D:15     | beem: chaos brand[1/18]: For you, it applies a random brand effect, or can: clone, polymorph, berserk, heal, haste, invis, slow, paralyse, petrify or cause a random miscast. Against you, can torment. Associated with Xom and wielded by Crazy Yiuf (always) and Psyche (sometimes). Chaos Knights start with a chaos branded weapon.
 27440 | Slime:1  | Entered Level 1 of the Pits of Slime
 27514 | Lair:3   | Reached skill level 5 in Unarmed Combat
 27748 | Spider:1 | Entered Level 1 of the Spider Nest
 27766 | Spider:1 | Reached XP level 16. HP: 111/111 MP: 27/30
 28397 | Spider:2 | Noticed Arachne
 28430 | Spider:2 | Killed Arachne
 29956 | Shoals:1 | Entered Level 1 of the Shoals
 30169 | Shoals:1 | Reached skill level 10 in Unarmed Combat
 30766 | Shoals:2 | Reached XP level 17. HP: 121/121 MP: 13/31
 31111 | Shoals:3 | Noticed Kirke
 31122 | Shoals:3 | Killed Kirke
 31270 | Shoals:3 | Noticed a kraken
 31302 | Shoals:3 | Killed a kraken
 31341 | Shoals:3 | Noticed a kraken
 31561 | Shoals:4 | Entered Level 4 of the Shoals
 31585 | Shoals:4 | Noticed a kraken
 31612 | Shoals:4 | Killed a kraken
 31624 | Shoals:4 | Got a barnacled rune of Zot
 31833 | Shoals:4 | Noticed Ilsuiw
 32097 | Shoals:4 | Killed Ilsuiw
 32273 | Shoals:4 | Reached skill level 5 in Stealth
 32320 | Shoals:4 | oplop: ??unarmed
 32320 | Shoals:4 | beem: unarmed combat[1/3]: Fighting without a weapon. Base damage is 3 + UC skill (+2 per claws level (so +6 Tr, +2 Gh), +X for forms); delay 1.0 - UC/54.0; +2 to hit.
 32320 | Shoals:4 | oplop: ??unarmed[2
 32320 | Shoals:4 | beem: unarmed combat[2/3]: Base for forms: Normal/Hog 3, Spider 5 (venom), Bat 1, Vampire Bat 2 (vamp), Ice 12 (freezing), Blade 8 + (str + dex) / 3, Statue (6 + str / 3), Dragon 18 + str*2/3, Lich 5 (drain). Form base damage scales with skill, just like normal punches.
 33007 | Orc:2    | Noticed Maurice
 33012 | Orc:2    | Killed Maurice
 33026 | Orc:2    | Killed Rupert
 33026 | Orc:2    | Reached XP level 18. HP: 127/127 MP: 20/32
 33066 | Orc:2    | Killed Donald
 33292 | D:12     | Killed Josephine
 33423 | D:14     | Found a gate to the Vaults.
 33477 | Vaults:1 | Entered Level 1 of the Vaults
 33827 | Vaults:1 | Found Cucil's Magic Scroll Boutique.
 33841 | Vaults:1 | Learned a level 3 spell: Regeneration
 33847 | Vaults:1 | Bought a scroll of teleportation for 42 gold pieces
 33847 | Vaults:1 | Bought a scroll of teleportation for 42 gold pieces
 33847 | Vaults:1 | Bought a scroll of fear for 49 gold pieces
 33847 | Vaults:1 | Bought a scroll of teleportation for 42 gold pieces
 33847 | Vaults:1 | Bought a scroll of teleportation for 42 gold pieces
 33918 | Vaults:1 | Found a glowing silver altar of Zin.
 33970 | Vaults:1 | Reached skill level 10 in Stealth
 34051 | Vaults:1 | Noticed an Ice Fiend
 34051 | Vaults:1 | Noticed a Hell Sentinel
 34633 | Vaults:2 | Reached XP level 19. HP: 134/134 MP: 30/34
 35569 | Vaults:3 | Noticed Bai Suzhen
 35571 | Vaults:3 | oplop: ??Bai
 35571 | Vaults:3 | beem: bai suzhen[1/3]: A lategame draconian unique. Starts out casting Summon Hydra. At half health, turns into a dragon (drops weapon, and tramples), is surrounded by thunder clouds and Summon Hydra is replaced with Primal Wave. Lots of health and AC. Appears in mid-point of Lair branches, Elf:$, Vaults, Crypt, and Depths.
 35571 | Vaults:3 | oplop: ??Bai[2
 35571 | Vaults:3 | beem: bai suzhen[2/3]: The ring of thunder storm clouds around her second form hit for 35-80 elec damage 1/3 turns you're in them, so if you lack rElec / !resistance they can quickly kill you.
 35571 | Vaults:3 | oplop: ??Bai[3
 35571 | Vaults:3 | beem: bai suzhen[3/3]: Monster-database bots can show the second form with e.g. "@??bai suzhen dragon".
 35571 | Vaults:3 | oplop: ??bai suzhen dragon
 35571 | Vaults:3 | beem: I don't have a page labeled bai_suzhen_dragon in my learndb.
 35571 | Vaults:3 | oplop: @??bai suzhen dragon
 35571 | Vaults:3 | beem: Bai Suzhen (D)
                  | Spd:
    10 | HD: 20   | HP: 148-218
                  | AC/EV: 22/4
                  | Dam: 30, 16(claw), 16(trample)
                  | doors, cold-blooded, see invisible, fly
                  | Res: magic(100), cold, elec+++, poison, drown
                  | Vul: silver
                  | XP: 5259
                  | Sp: primal wave (3d26) [!AM, !sil, breath], r.thunder [!AM, !sil]
                  | Sz: Giant
                  | Int: human.
 35575 | Vaults:3 | Killed Bai Suzhen
 35722 | Vaults:3 | Found a shimmering altar of Xom.
 35833 | Vaults:3 | Found a staircase to the Crypt.
 35833 | Vaults:3 | Found an ancient bone altar of Kikubaaqudgha.
 35834 | Vaults:3 | Found a basalt altar of Yredelemnul.
 35980 | Vaults:3 | Reached skill level 15 in Dodging
 36168 | Vaults:3 | oplop: ??regen
 36168 | Vaults:3 | beem: regeneration[1/8]: Increases the rate at which you regain HP per turn. Regeneration doesn't work when you're {sick}; instead it makes Sickness disappear faster.
 36168 | Vaults:3 | oplop: ??regen[2
 36168 | Vaults:3 | beem: regeneration[2/8]: The base regeneration rate is your maximum hitpoints / 3. If this number is over 20, then divide the result by two and add ten. For example, 100 max health results in a regen rate of 26. RR accumulates every turn and for every 100 RR you gain, you regenerate 1 hp. For 1 hp per turn, 540 health is needed. For 1 hp per 2 turns, 240.
 36168 | Vaults:3 | oplop: ??regen[3
 36168 | Vaults:3 | beem: regeneration[3/8]: An amulet or troll leather armour adds 40 to your rr, player mutation 20 per level, and the status effect (spell) 100. What this means is that an amulet of regen or troll leather armour effectively doubles your healing rate (or better) for most characters.
 36168 | Vaults:3 | oplop: ??regen[4
 36168 | Vaults:3 | beem: regeneration[4/8]: The regeneration mutations conflict with slow metabolism, but do not otherwise affect your nutrition.
 36168 | Vaults:3 | oplop: ??regen[5
 36168 | Vaults:3 | beem: regeneration[5/8]: If a character cannot regenerate passively (this means DD or bloodless Vp or any character with slow healing 3), items or spells that increase regeneration rate won't help. Trog's Hand will though!
 36168 | Vaults:3 | oplop: ??regen[6
 36168 | Vaults:3 | beem: regeneration[6/8]: Only increases hunger if you have HP to regenerate; you don't need to switch out the amulet when not regenerating. Player mummies can't memorize the regeneration spell.
 36168 | Vaults:3 | oplop: ??regen[7
 36168 | Vaults:3 | beem: regeneration[7/8]: regen is a spell you cast if you are not at full hp
 36168 | Vaults:3 | oplop: ??regen[8
 36168 | Vaults:3 | beem: regeneration[8/8]: Arrhythmia: 1) every character needs HP to live - Arrhythmia: 2) regen gives HP - Arrhythmia: 3) therefor, regen is good for every character
 36193 | Vaults:3 | Reached XP level 20. HP: 144/144 MP: 36/36
 36499 | Vaults:3 | Noticed Jorgrun
 36504 | Vaults:3 | Killed Jorgrun
 36664 | Vaults:3 | Noticed Nikola
 36668 | Vaults:3 | Killed Nikola
 36668 | Vaults:3 | Reached skill level 15 in Fighting
 37123 | Vaults:4 | Found Raaj's Assorted Antiques.
 37134 | Vaults:4 | Bought a hardcover book for 465 gold pieces
 37146 | Vaults:4 | Learned a level 9 spell: Tornado
 38092 | Vaults:5 | Entered Level 5 of the Vaults
 38103 | Vaults:5 | Reached skill level 15 in Spellcasting
 38104 | Vaults:5 | Noticed Saint Roka
 38138 | Vaults:5 | Reached XP level 21. HP: 143/151 MP: 40/40
 38144 | Vaults:5 | Reached skill level 1 in Air Magic
 38148 | Vaults:5 | Noticed Boris
 38152 | Vaults:5 | Killed Boris
 38153 | Vaults:5 | oplop: ??boris
 38153 | Vaults:5 | beem: boris[1/3]: A unique lich who has an awesome habit of staying undead. Spells: bolt of cold, invisibility, animate dead, iron shot, iood.
 38153 | Vaults:5 | oplop: ??boris[2
 38153 | Vaults:5 | beem: boris[2/3]: IRON BOLT DRAIN CRYSTAL SPEAR LOL HI IM BORIS
 38153 | Vaults:5 | oplop: ??boris[3
 38153 | Vaults:5 | beem: boris[3/3]: Boris says to your 12-headed hydra, "You haven't seen the last of me!"
 38153 | Vaults:5 | oplop: @??boris
 38153 | Vaults:5 | beem: Boris (L)
                  | Spd:
    10 | HD: 22   | HP: 129-184
                  | AC/EV: 15/10
                  | Dam: 25, 15(drain)
                  | undead, weapons, items, doors, evil, spellcaster, see invisible, unbreathing
                  | Res: magic(immune), cold++, elec, poison+++, drown, rot+++, neg+++, torm
                  | Vul: holy
                  | XP: 5775
                  | Sp: b.cold (3d32), iron shot (3d37), o.destruction (9d18), invisibility
                  | Sz: Medium
                  | Int: human.
 38182 | Vaults:5 | Reached skill level 5 in Air Magic
 38398 | Vaults:5 | Found the +5 pair of quick blades "Gyre" and "Gimble" {pierce, Dex-3}
 38441 | Vaults:5 | Killed Saint Roka
 38685 | Vaults:5 | Reached skill level 10 in Air Magic
 38704 | Vaults:5 | Reached XP level 22. HP: 139/157 MP: 27/42
 38709 | Vaults:5 | Noticed an ancient lich
 38711 | Vaults:5 | Killed an ancient lich
 38890 | Vaults:5 | Found Sirolitwu's Book Emporium.
 38896 | Vaults:5 | Identified Upyesuu's Guide on Ensnaring Weightlessness
 38916 | Vaults:5 | oplop: ??Ozocubu's Refrigeration
 38916 | Vaults:5 | beem: ozocubu's refrigeration[1/3]: A fun and powerful L6 Ice spell that hits everything in LOS (including invisible/submerged things. and YOU, so have cold res) with AC-bypassing cold damage. 50% chance to slow cold-blooded monsters. In 0.15+, it prevents potion quaffing for 7-15 turns. Works nicely in many places, e.g. Slime, Snake, Elf, Zig.
 38916 | Vaults:5 | oplop: ??Ozocubu's Refrigeration[2
 38916 | Vaults:5 | beem: ozocubu's refrigeration[2/3]: Does not pass through trees.
 38916 | Vaults:5 | oplop: ??Ozocubu's Refrigeration[3
 38916 | Vaults:5 | beem: ozocubu's refrigeration[3/3]: will turn skeletons hostile
 39009 | Vaults:5 | beem: Erolcha (O)
                  | Spd:
    10 | HD: 6    | HP: 45-63
                  | AC/EV: 5/7
                  | Dam: 20
                  | weapons, items, doors, spellcaster, see invisible
                  | Res: magic(60)
                  | XP: 1005
                  | Sp: b.cold (3d14), crystal spear (3d23), slow, haste / mystic blast (3d12), fireball (3d14), paralyse, blink / stone arrow (3d12), b.lightning (3d14), banishment, invisibility
                  | Sz: Large
                  | Int: human.
 39064 | Vaults:5 | Identified the Reference Book on Displacement and Moulding
 39291 | Vaults:5 | Got a silver rune of Zot
 39841 | Elf:1    | Entered Level 1 of the Elven Halls
 40892 | Elf:2    | Found a runed gate.
 40892 | Elf:2    | Found a runed gate.
 40893 | Elf:2    | Found a runed gate.
 40948 | Elf:3    | Entered Level 3 of the Elven Halls
 41210 | Elf:3    | Learned a level 5 spell: Aura of Abjuration
 41223 | Elf:3    | Learned a level 6 spell: Deflect Missiles
 41297 | Elf:3    | Got a coiled marble ring
 41298 | Elf:3    | Identified the cursed ring "Comoanik" {*Drain rPois EV-3 Slay+4} (You found it on level 3 of the Elven Halls)
 41309 | Elf:3    | Learned a level 2 spell: Blink
 41331 | Elf:3    | Reached XP level 23. HP: 162/162 MP: 44/44
 41697 | Elf:3    | Learned a level 6 spell: Freezing Cloud
 41822 | Orc:2    | Learned a level 6 spell: Ozocubu's Refrigeration
 42900 | Spider:4 | Entered Level 4 of the Spider Nest
 43062 | Spider:4 | Noticed Louise
 43073 | Spider:4 | Killed Louise
 43300 | Spider:4 | Reached skill level 15 in Air Magic
 43411 | Spider:4 | Got a gossamer rune of Zot
 43907 | Depths:1 | Entered Level 1 of the Depths
 43956 | Depths:1 | Found a gateway to Hell.
 44068 | Depths:1 | Found Ishraxt's Demolitions Depot.
 44088 | Depths:1 | Found Vutao's Food Shop.
 44252 | Depths:1 | Found a one-way gate leading to the halls of Pandemonium.
 44312 | Depths:1 | Found a gateway to a ziggurat.
 44695 | Depths:2 | Noticed a juggernaut
 44706 | Depths:2 | Killed a juggernaut
 44729 | Depths:2 | Reached XP level 24. HP: 107/169 MP: 15/45
 44774 | Depths:2 | Noticed a juggernaut
 44782 | Depths:2 | Killed a juggernaut
 45407 | Depths:3 | Noticed Asterion
 45413 | Depths:3 | Killed Asterion
 45617 | Depths:3 | Killed from afar by a deep troll earth mage

Vault maps used:
D:1:      dpeg_arrival_circle_labyrinth_a
D:2:      lemuel_blue_sif_altar, old_standard_altar, first_ration,
          minmay_vboxes, uniq_jessica
D:3:      minmay_roachtagon, nicolae_ru_the_path_less_chosen, uniq_grinder
D:4:      kennysheep_mini_moat, gammafunk_temple_overflow_statue, serial_shops,
          shop_statue, kennysheep_little_box, uniq_blork_the_orc
D:5:      cheibrodos_ashenzari_chains, minmay_temple_entry_glass, uniq_sigmund
D:6:      grunt_temple_overflow_opulence,
          grunt_temple_overflow_growth_and_decay,
          nicolae_overflow_hidden_temple, minmay_misc_feat_cross
D:7:      eat_drink_and_be_merry_uskayaw, lemuel_crystal_altar
D:8:      lemuel_round_altar, elyvilon_altar_5, serial_shops, shop
D:9:      due_lair_maze_entry_diamond, serial_shops, shop,
          kennysheep_small_circle
D:10:     serial_bayou, serial_bayou_shore_a, serial_bayou_pond_e,
          serial_bayou_pond_d, serial_bayou_pond_d, uniq_nergalle, uniq_erolcha
D:11:     hiddenorc1_lemuel, serial_ice, serial_ice_m, serial_ice_b,
          serial_ice_c, serial_ice_d
D:12:     grunt_tengu_nest, uniq_josephine
D:13:     st_stairs_10
D:14:     kennysheep_spiral_hall, erik_vaults_2, serial_park_tiny_1
D:15:     hangedman_depths_entry_civil_slaughter, enter_trove_5, minivault_4
Lair:1:   st_stairs_6
Lair:2:   grunt_forest_small_clearings, st_stairs_5, beast_lair_carwin_10
Lair:3:   shoals_dummy_entry, nicolae_spider_entry_orb_guardian,
          lemuel_fruit_tree, grunt_megastairs_5, infiniplex_staircase_pool,
          lemuel_fruit_fields
Lair:4:   st_stairs_9, minmay_hedge_maze, infiniplex_staircase_pool_2
Lair:5:   minmay_slime_entry_jelly_boxes, grunt_megastairs_3
Lair:6:   grunt_lair_end_beastmaster, bobbens_dragon_lair_wall,
          grunt_megastairs_2
Shoals:2: nicolae_shoals_seven_spires
Shoals:3: uniq_kirke
Shoals:4: shoals_end_hangedman, shoals_ilsuiw_alternative,
          nicolae_shoals_hunting_party
Spider:2: spider_trap, uniq_arachne
Spider:3: spider_trap
Spider:4: grunt_spider_rune_parallel, uniq_louise
Orc:1:    basic_altar, serial_shops, shop, trog_hazing_becter
Orc:2:    grunt_orc_community_town_hall, grunt_orc_community_big_house_2,
          grunt_orc_community_big_house_1, grunt_orc_community_house_1,
          grunt_orc_community_house_1, grunt_orc_community_house_3,
          grunt_orc_community_house_3, grunt_orc_community_house_1, basic_altar,
          uniq_donald, uniq_rupert, uniq_maurice
Elf:1:    hangedman_elf_represent
Elf:3:    grunt_elf_hall_spiral
Vaults:1: nicolae_vaults_disjoint_gnomons, ontoclasm_vaults_ring_small,
          ontoclasm_vaults_fault, v_alt_pattern_6, v_alt_pattern_6,
          nicolae_vaults_specimen_jars, v_misc_2,
          nicolae_vaults_little_squares_1, vaults_mumra_hex,
          ontoclasm_vaults_gateway, basic_altar, serial_shops,
          nicolae_shop_competitors_out_of_business
Vaults:2: grunt_vaults_focal, hangedman_vaults_cutoff,
          nicolae_vaults_ninety_degrees, vaults_room_hallway,
          hangedman_vaults_capsules, nicolae_vaults_asterisk,
          vaults_room_hallway, nicolae_vaults_little_squares_3,
          nicolae_vaults_what_the_h
Vaults:3: st_smaller_cells, minmay_crypt_entry_necro_gods,
          vaults_standard_mumra_x, nicolae_vaults_arrows,
          dpeg_vaults_monster_row, vaults_standard_mumra_enter_the_diamond,
          hangedman_vaults_locks, hangedman_vaults_corner_blocks,
          nicolae_vaults_hallways_thing, serial_ice_h, vaults_dpeg_ring,
          v_misc_18, ontoclasm_vaults_idyll, vaults_room_large_hall,
          basic_altar, uniq_nikola, uniq_jorgrun, uniq_bai_suzhen
Vaults:4: hangedman_vaults_corner, ontoclasm_vaults_claustrophobia,
          ontoclasm_vaults_loading_screen, ontoclasm_vaults_loading_screen,
          nicolae_vaults_alarming, nicolae_vaults_network_s, v_alt_pattern_6,
          serial_shops, nicolae_shop_overgrown_old_shop
Vaults:5: uniq_saint_roka, uniq_boris
Depths:1: enter_ziggurat_e, hangedman_decor_lopped, serial_shops, shop,
          pan_entry, hangedman_coc_ice_floe, kennysheep_cluttered_room,
          nicolae_blasting_shop
Depths:2: minmay_heptahexagon, hell_entry, minmay_tree_intersection,
          hangedman_decor_peaks_small, infiniplex_staircase_door_maze,
          firewood_loft
Depths:3: grunt_runaround, hell_entry, serial_shops, pan_entry, uniq_asterion,
          uniq_frederick

Skill      XL: |  1  2  3  4  5  6  7  8  9 10 11 12 13 14 15 16 17 18 19 20 21 22 23 24 |
---------------+-------------------------------------------------------------------------+-----
Fighting       | 1 2 3 4 5 6 8 9 10 12 13 14 15 | 15.0
Spellcasting   | 3 4 5 7 8 9 10 11 12 15 16 17 18 | 18.8
Ice Magic      | 4 5 6 7 9 10 | 10.0
Dodging        | 3 4 5 6 7 8 10 11 12 13 15 | 15.5
Summonings     | 1 3 |  3.4
Invocations    | 4 6 8 10 12 13 | 13.6
Conjurations   | 4 8 |  8.3
Fire Magic     | 2 3 |  3.5
Transmutations | 4 9 |  9.1
Earth Magic    | 3 |  3.0
Shields        | 5 |  5.0
Unarmed Combat | 5 11 12 | 12.9
Stealth        | 7 11 | 11.5
Air Magic      | 10 13 16 18 | 18.6

Action                   |  1- 3 |  4- 6 |  7- 9 | 10-12 | 13-15 | 16-18 | 19-21 | 22-24 || total
-------------------------+-------+-------+-------+-------+-------+-------+-------+-------++-------
Melee: Unarmed           |     5 |       |       |       |   315 |   696 |   586 |   694 ||  2296
       Dagger            |    64 |   118 |    36 |       |       |       |       |       ||   218
       Constrict         |    19 |    39 |    55 |    71 |    57 |   142 |   105 |   127 ||   615
       Tentacles         |    11 |    31 |    63 |   171 |   201 |   212 |   218 |   243 ||  1150
       Whip              |       |       |   161 |   405 |   216 |       |       |       ||   782
       Staff             |       |       |       |       |    70 |       |       |       ||    70
       Punch             |       |       |       |       |     6 |    95 |   115 |   132 ||   348
 Cast: Freeze            |    10 |    20 |    21 |    16 |    18 |       |       |       ||    85
       Ozocubu's Armour  |       |     3 |    30 |    56 |    75 |     1 |       |       ||   165
       Summon Ice Beast  |       |       |    26 |    78 |   168 |    21 |       |       ||   293
       Throw Icicle      |       |       |       |    44 |   117 |    59 |    22 |    19 ||   261
       Fireball          |       |       |       |       |    10 |     4 |       |       ||    14
       Ice Form          |       |       |       |       |    18 |     2 |       |       ||    20
       Statue Form       |       |       |       |       |    14 |    88 |    50 |    75 ||   227
       Apportation       |       |       |       |       |       |     5 |     1 |       ||     6
       Regeneration      |       |       |       |       |       |     2 |    46 |    23 ||    71
       Freezing Cloud    |       |       |       |       |       |       |       |    18 ||    18
       Ozocubu's Refrige |       |       |       |       |       |       |       |     9 ||     9
       Deflect Missiles  |       |       |       |       |       |       |       |     1 ||     1
Invok: Slouch            |       |       |       |     2 |    12 |     9 |       |     6 ||    29
       Temporal Distorti |       |       |       |     1 |     5 |     5 |     2 |     1 ||    14
       Step From Time    |       |       |       |       |     1 |       |     1 |     3 ||     5
       Bend Time         |       |       |       |       |     3 |     1 |       |     6 ||    10
 Abil: End Transformatio |       |       |       |       |     1 |     1 |     1 |       ||     3
Evoke: Wand              |       |       |       |     1 |     2 |     4 |       |       ||     7
  Use: Potion            |       |     2 |     5 |     4 |     2 |     1 |     2 |       ||    16
       Scroll            |       |       |    14 |     9 |    10 |    11 |     4 |    12 ||    60
 Stab: Sleeping          |    11 |     4 |     6 |    18 |     5 |     9 |    10 |    18 ||    81
       Distracted        |       |       |     3 |     3 |    15 |     2 |     2 |     2 ||    27
       Invisible         |       |       |     1 |       |       |       |       |       ||     1
       Petrified         |       |       |       |       |     2 |       |       |       ||     2
  Eat: Chunk             |     1 |     7 |     6 |    13 |     7 |    10 |     4 |       ||    48
       Ration            |       |       |     3 |     1 |     6 |     7 |     3 |     6 ||    26
Armor: Skin              |    11 |    16 |    63 |   135 |   223 |   366 |   212 |   255 ||  1281
Dodge: Dodged            |    62 |   112 |   191 |   457 |   831 |   937 |   659 |   982 ||  4231
       Deflected         |       |       |       |       |       |       |       |     8 ||     8
Block: Buckler           |       |       |       |       |   181 |  1049 |   770 |   943 ||  2943
       Reflection        |       |       |       |       |     8 |    94 |   126 |    75 ||   303
       Other             |       |       |       |       |     2 |       |       |       ||     2

Table legend:
 A = Spawn XP
 B = Non-spawn XP
 C = Spawn XP percentage of total XP
 D = Spawn monster count
 E = Non-spawn monster count
 F = Spawn count percentage of total count
 G = Total turns spent on level
                    A         B        C        D         E        F      G
               +---------+---------+-------+---------+---------+-------+---------
         Total |       0 |  932896 |   0.0 |       0 |    1922 |   0.0 | 45617
               +---------+---------+-------+---------+---------+-------+---------
           D:1 |       0 |      56 |   0.0 |       0 |      27 |   0.0 |  1181
           D:2 |       0 |     177 |   0.0 |       0 |      38 |   0.0 |  1296
           D:3 |       0 |     128 |   0.0 |       0 |      18 |   0.0 |   674
           D:4 |       0 |     324 |   0.0 |       0 |      15 |   0.0 |  1015
           D:5 |       0 |    1112 |   0.0 |       0 |      36 |   0.0 |  1899
           D:6 |       0 |     690 |   0.0 |       0 |      22 |   0.0 |  1259
           D:7 |       0 |     527 |   0.0 |       0 |      12 |   0.0 |   973
           D:8 |       0 |    2249 |   0.0 |       0 |      46 |   0.0 |  1061
           D:9 |       0 |    2701 |   0.0 |       0 |      49 |   0.0 |  1384
          D:10 |       0 |    4926 |   0.0 |       0 |      26 |   0.0 |  1262
          D:11 |       0 |    4087 |   0.0 |       0 |      55 |   0.0 |  1387
          D:12 |       0 |    8447 |   0.0 |       0 |      51 |   0.0 |  1401
          D:13 |       0 |    9839 |   0.0 |       0 |      35 |   0.0 |  1611
          D:14 |       0 |   18720 |   0.0 |       0 |      43 |   0.0 |  1406
          D:15 |       0 |   25039 |   0.0 |       0 |      48 |   0.0 |   798
        Lair:1 |       0 |    4429 |   0.0 |       0 |      23 |   0.0 |  1143
        Lair:2 |       0 |    3272 |   0.0 |       0 |      23 |   0.0 |  1054
        Lair:3 |       0 |    6076 |   0.0 |       0 |      15 |   0.0 |  1249
        Lair:4 |       0 |    5569 |   0.0 |       0 |      23 |   0.0 |   997
        Lair:5 |       0 |    6588 |   0.0 |       0 |      45 |   0.0 |   921
        Lair:6 |       0 |   20112 |   0.0 |       0 |      71 |   0.0 |  2568
      Shoals:1 |       0 |    9886 |   0.0 |       0 |      20 |   0.0 |   329
      Shoals:2 |       0 |   10552 |   0.0 |       0 |      22 |   0.0 |   679
      Shoals:3 |       0 |   22446 |   0.0 |       0 |      46 |   0.0 |   643
      Shoals:4 |       0 |   36754 |   0.0 |       0 |      65 |   0.0 |  1152
      Spider:1 |       0 |   11723 |   0.0 |       0 |      34 |   0.0 |   671
      Spider:2 |       0 |   13416 |   0.0 |       0 |      36 |   0.0 |  1018
      Spider:3 |       0 |   15685 |   0.0 |       0 |      32 |   0.0 |  1359
      Spider:4 |       0 |   41484 |   0.0 |       0 |      95 |   0.0 |   763
         Orc:1 |       0 |    3368 |   0.0 |       0 |      34 |   0.0 |   761
         Orc:2 |       0 |   13526 |   0.0 |       0 |      98 |   0.0 |  1821
         Elf:1 |       0 |   21055 |   0.0 |       0 |      33 |   0.0 |   787
         Elf:2 |       0 |   16778 |   0.0 |       0 |      26 |   0.0 |   380
         Elf:3 |       0 |   45143 |   0.0 |       0 |      37 |   0.0 |   802
      Vaults:1 |       0 |   44417 |   0.0 |       0 |      88 |   0.0 |  1050
      Vaults:2 |       0 |   44184 |   0.0 |       0 |      85 |   0.0 |  1041
      Vaults:3 |       0 |   83015 |   0.0 |       0 |     101 |   0.0 |  1300
      Vaults:4 |       0 |   29574 |   0.0 |       0 |      41 |   0.0 |  1328
      Vaults:5 |       0 |  172952 |   0.0 |       0 |     146 |   0.0 |  1482
      Depths:1 |       0 |   23711 |   0.0 |       0 |      40 |   0.0 |   585
      Depths:2 |       0 |  102366 |   0.0 |       0 |      85 |   0.0 |   899
      Depths:3 |       0 |   45793 |   0.0 |       0 |      37 |   0.0 |   226
               +---------+---------+-------+---------+---------+-------+---------
